 Dungeon Crawl Stone Soup version 0.20.1-1-g8b1a95d (webtiles) character file.

98 MovingMist the Skirmisher (level 4, -2/29 HPs)
             Began as a Gargoyle Fighter on Nov 21, 2017.
             Slain by Edmund
             ... wielding a +2 dire flail of draining
              (3 damage)
             ... on level 4 of the Dungeon.
             The game lasted 00:06:41 (2908 turns).

MovingMist the Skirmisher (Gargoyle Fighter)        Turns: 2908, Time: 00:06:41

Health: -2/29      AC: 10    Str: 20    XL:     4   Next: 71%
Magic:  4/4        EV:  9    Int:  8    God:
Gold:   138        SH:  9    Dex: 10    Spells: 1/3 levels left

rFire    + . .     SeeInvis .   k - -1 whip (curse)
rCold    + + .     Gourm    .   c - +0 shield
rNeg     + . .     Faith    +   e - +0 ring mail (curse)
rPois    ∞         Spirit   .   (no helmet)
rElec    +         Reflect  .   r - scarf {rC+ rF+}
rCorr    .         Harm     .   n - +0 pair of gloves
MR       .....                  (no boots)
Stlth    ..........             s - amulet of faith
Regen    0.1/turn               p - ring of protection from cold
MPRegen  0.1/turn               (no ring)

@: no status effects
A: negative energy resistance 1, electricity resistance, unbreathing,
petrification resistance, rot immunity, AC +3
a: no special abilities


You were on level 4 of the Dungeon.
You were not hungry.

You visited 1 branch of the dungeon, and saw 4 of its levels.

You collected 138 gold pieces.

Inventory:

Hand Weapons
 a - a +0 flail
 i - a cursed +0 hand axe
 k - a cursed -1 whip (weapon)
 v - a +1 hand axe of electrocution
Armour
 b - a +0 scale mail
 c - a +0 shield (worn)
 e - a cursed +0 ring mail (worn)
 n - a +0 pair of gloves (worn)
 r - a scarf of resistance (worn)
 w - a +0 chain mail
Jewellery
 p - a ring of protection from cold (left hand)
 s - an amulet of faith (around neck)
Scrolls
 u - a scroll of amnesia
 x - a scroll of magic mapping
Potions
 d - 2 potions of might
 h - a potion of degeneration {unknown}
 l - a potion of heal wounds {unknown}
 m - a potion of flight {unknown}
 t - a potion of curing {unknown}
Books
 q - a book of Minor Magic

   Spells                             Type                      Level
   a - Magic Dart                     Conjuration                  1
   b - Blink                          Translocation                2
   c - Call Imp                       Summoning                    2
   d - Slow                           Hexes                        2
   e - Conjure Flame                  Conjuration/Fire             3
   f - Mephitic Cloud                 Conjuration/Poison/Air       3
Comestibles
 f - 4 bread rations
 g - 2 royal jellies
 j - a meat ration


   Skills:
 + Level 4.0 Fighting
 + Level 2.6 Maces & Flails
 + Level 4.0 Armour
 * Level 1.8 Dodging
 - Level 3.2 Shields


You had one spell level left.
You knew the following spells:

 Your Spells              Type           Power        Failure   Level  Hunger
a - Blink                 Tloc           N/A          99%         2    ###....


Dungeon Overview and Level Annotations

Branches:
Dungeon (4/15)
 Temple: D:4-7

Altars:
Fedhas
Kikubaaqudgha

Annotations:
D:4 Edmund


Innate Abilities, Weirdness & Mutations

You are resistant to torment.
Your stone body is resilient. (AC +3)
You are immune to poison.
You resist negative energy. (rN+)
You are resistant to electric shocks. (rElec)
You can survive without breathing.
You are immune to petrification.
You are immune to rotting.


Message History

Edmund is moderately wounded.
Edmund hits you with a dire flail of draining.
* * * LOW HITPOINT WARNING * * *
You hit Edmund.
Edmund is moderately wounded.
Edmund hits you with a dire flail of draining.
* * * LOW HITPOINT WARNING * * *
You whack Edmund!
Edmund is heavily wounded.
You block Edmund's attack.
You hit Edmund but do no damage.
Edmund is heavily wounded.
Edmund closely misses you.
You hit Edmund but do no damage.
Edmund is heavily wounded.
You block Edmund's attack.
You barely miss Edmund.
Edmund is heavily wounded.
Edmund hits you with a dire flail of draining.
You die...

......+ #.....#
#####.# ###.....#
#############......##
...(........#...(>.#
............#......#
#..##.......'......#
#..##.......#......#
#..#######..#......#
...# #..#..@@..# ####
####......#
..##..#......# #..
......'......# .. #
####..#......# ...##
#. #......# .... #.
#........ #..## +
#......... ...#
#.........


You could see Edmund.

Vanquished Creatures
  An orc wizard (D:3)
  An adder (D:2)
  An ooze (D:2)
  A worm (D:2)
  2 leopard geckos
  4 orcs (D:3)
  6 bats
  3 giant cockroaches (D:2)
  8 goblins
  2 hobgoblins (D:1)
  7 kobolds
  2 quokkas
  3 frilled lizards
  4 rats
45 creatures vanquished.

Notes
Turn   | Place    | Note
-------+----------+-------------------------------------------
     0 | D:1      | MovingMist the Gargoyle Fighter began the quest for the Orb.
     0 | D:1      | Reached XP level 1. HP: 14/14 MP: 1/1
   145 | D:1      | Reached XP level 2. HP: 19/19 MP: 2/2
  1310 | D:2      | Reached XP level 3. HP: 24/24 MP: 3/3
  1380 | D:2      | Found a blossoming altar of Fedhas.
  1420 | D:2      | Reached skill level 1 in Dodging
  1610 | D:2      | Found an ancient bone altar of Kikubaaqudgha.
  1909 | D:3      | Learned a level 2 spell: Blink
  2297 | D:3      | Reached XP level 4. HP: 26/29 MP: 4/4
  2884 | D:4      | Noticed Edmund
  2904 | D:4      | HP: 1/29 [Edmund/dire flail of draining (4)]
  2908 | D:4      | Slain by Edmund

Skill      XL: |  1  2  3  4 |
---------------+-------------+-----
Dodging        | 1 |  1.8
Fighting       | 4 |  4.0
Armour         | 4 |  4.0
Maces & Flails | |  2.6
Shields        | |  3.2

Action                   |  1- 3 |  4- 6 || total
-------------------------+-------+-------++-------
Melee: Flail             |    39 |       ||    39
       Whip              |   190 |    82 ||   272
  Use: Scroll            |     3 |       ||     3
  Eat: Chunk             |     5 |     2 ||     7
Armor: Ring mail         |   103 |    19 ||   122
       Scale mail        |     7 |       ||     7
Dodge: Dodged            |    85 |    16 ||   101
Block: Shield            |   117 |    33 ||   150
